 Dungeon Crawl Stone Soup version 0.31.0-12-g77e489cdc1 (webtiles) character file.

Game seed: 4582503859158387679

274 BigDaddyOpFi the Chopper (level 6, -1/57 HPs)
             Began as a Tengu Berserker on Feb 19, 2024.
             Was a Believer of Trog.
             Slain by a gnoll
             ... wielding a +0 spear
             ... led by a gnoll bouda
              (4 damage)
             ... on level 4 of the Dungeon.
             The game lasted 00:02:32 (2588 turns).

BigDaddyOpFi the Chopper (Tengu Berserker)          Turns: 2588, Time: 00:02:33

Health: -1/57      AC:  2    Str: 19    XL:     6   Next: 24%
Magic:  7/7        EV: 13    Int:  8    God:    Trog [**....]
Gold:   217        SH:  0    Dex: 13    Spells: 5/5 levels left

rFire   . . .        f - +1 war axe (venom)
rCold   . . .        (no shield)
rNeg    . . .        b - +0 animal skin
rPois   .            (helmet restricted)
rElec   .            (no cloak)
rCorr   .            (no gloves)
SInv    .            (boots unavailable)
Will    .....        (no amulet) Stlth
                     (no ring)
HPRegen 0.29/turn    (no ring)
MPRegen 0.10/turn

%: acrobat
@: berserking (expiring), very quick
A: beak, talons 3, acrobatic
a: Renounce Religion, Berserk, Trog's Hand


You were on level 4 of the Dungeon.
You worshipped Trog.
Trog was pleased with you.
You visited 1 branch of the dungeon, and saw 4 of its levels.

You collected 217 gold pieces.

Inventory:

Hand Weapons
 a - a +1 hand axe
 f - a +1 war axe of venom (weapon)
Armour
 b - a +0 animal skin (worn)
Jewellery
 k - the ring "Emuek" {*Corrode Fly rC++}
   (You found it on level 2 of the Dungeon)

   [ring of flight]

   rC++:      It greatly protects you from cold.
   Fly:       It grants you flight.
   *Corrode:  It may corrode you when you take damage.
Wands
 l - a wand of paralysis (11)
Scrolls
 e - a scroll of identify
 h - a scroll of enchant armour {unknown}
 m - a scroll of teleportation {unknown}
 n - a scroll of butterflies {unknown}
Potions
 c - a potion of berserk rage {unknown}
 d - 2 potions of heal wounds
 g - a potion of magic {unknown}
 i - a potion of curing {unknown}
 j - a potion of cancellation {unknown}


   Skills:
 + Level 4.1 Fighting
 * Level 5.4 Axes
 + Level 3.3 Armour
 + Level 3.6 Dodging


You had 5 spell levels left.
You didn't know any spells.
Your spell library was empty.

Dungeon Overview and Level Annotations

Branches:
Dungeon (4/15)
 Temple: D:4-7

Altars:
Makhleb
Uskayaw
Zin
The Shining One


Innate Abilities, Weirdness & Mutations

You have a beak for a mouth.
You have claws for feet.
You can magically evade attacks while moving or waiting.


Message History

The gnoll hits you from afar with a +0 halberd!
You slash the gnoll bouda!
The gnoll bouda is poisoned.
Your peck misses the gnoll bouda.
The gnoll bouda is heavily wounded.
The gnoll hits you but does no damage. The gnoll bouda closely misses you.
An endoplasm comes into view.
The gnoll hits you from afar with a +0 halberd.
The endoplasm quivers.
You hit the gnoll bouda.
The gnoll bouda looks as sick as possible!
You claw the gnoll bouda.
You kill the gnoll bouda!
Trog accepts your kill.
The gnoll hits you from afar with a +0 spear.
The gnoll barely misses you.
You closely miss the gnoll. Your kick misses the gnoll.
The gnoll misses you. x2
You slash the gnoll!
The gnoll is poisoned.
Your peck misses the gnoll.
The gnoll is almost dead.
You slash the gnoll! The gnoll barely misses you.
The gnoll hits you from afar with a +0 halberd!
The gnoll hits you with a +0 whip.
* * * LOW HITPOINT WARNING * * *
You are too injured to fight recklessly!
You are too injured to fight recklessly!
You barely miss the gnoll.
The gnoll is almost dead.
You slash the gnoll!
You kill the gnoll!
Trog accepts your kill. The gnoll barely misses you.
The gnoll hits you with a +0 flail of protection.
* * * LOW HITPOINT WARNING * * *
The gnoll hits you from afar with a +0 halberd!
* * * LOW HITPOINT WARNING * * *
You slash the gnoll!
You kill the gnoll!
Trog accepts your kill.
You closely miss the giant cockroach. The giant cockroach misses you.
The gnoll hits you from afar with a +0 spear.
You die...

.... ..... ##...#
.#..##. .......
##.......
#.)......
#######@)......
##.##..#)Bg.....
##......#.Bg.....
#............J...
##...............
###.............
##...............
#................
#.......#........


You could see 2 gnolls, an endoplasm and 2 giant cockroaches.

Vanquished Creatures
  A black bear (D:4)
  A jelly (D:4)
  A gnoll bouda (D:4)
  An orc wizard (D:3)
  3 gnolls (D:4)
  2 adders
  3 dart slugs
  5 orcs (D:3)
  4 ball pythons
  A giant cockroach (D:3)
  A goblin (D:2)
  3 hobgoblins
  6 jackals
  4 kobolds
  2 quokkas
  4 bats
  14 frilled lizards
  3 rats (D:1)
59 creatures vanquished.

Notes
Turn   | Place    | Note
-------+----------+-------------------------------------------
     0 | D:1      | BigDaddyOpFi the Tengu Berserker began the quest for the
                  | Orb.
     0 | D:1      | Reached XP level 1. HP: 14/14 MP: 2/2
   131 | D:1      | Reached XP level 2. HP: 19/19 MP: 3/3
   716 | D:2      | Reached skill level 4 in Axes
   716 | D:2      | Reached XP level 3. HP: 23/23 MP: 4/4
   834 | D:2      | Reached ** piety under Trog
  1112 | D:2      | Found a glowing golden altar of the Shining One.
  1158 | D:2      | Identified the ring "Emuek" {*Corrode Fly rC++}
  1441 | D:3      | Reached XP level 4. HP: 22/28 MP: 5/5
  1570 | D:3      | Found a hide-covered altar of Uskayaw.
  1570 | D:3      | Found a burning altar of Makhleb.
  1571 | D:3      | Found a glowing silver altar of Zin.
  2494 | D:4      | Noticed a black bear
  2499 | D:4      | Killed a black bear
  2500 | D:4      | Reached skill level 5 in Axes
  2500 | D:4      | Reached XP level 5. HP: 33/33 MP: 6/6
  2579 | D:4      | Reached XP level 6. HP: 38/38 MP: 7/7
  2588 | D:4      | Slain by a gnoll

Illustrated notes

Levels and vault maps discovered:
D:1:      roderic_crop_circles_arrival_large, layout_basic,
          minmay_misc_feat_doors
D:2:      minmay_wonky_spiral, layout_loops_ring, basic_altar,
          minmay_lizard_king
D:3:      layout_loops_ring, chequers_temple_overflow_statue_of_worship
D:4:      layout_cave_pools, mainiacjoe_overflow_alcove_1, serial_shops,
          nicolae_shop_bloodbath_and_beyond, nicolae_stop_n_shop_2,
          grunt_ministairs_7

Skill      XL: |  1  2  3  4 |
---------------+-------------+-----
Axes           | 4 5 |  5.4
Dodging        | 3 |  3.6
Fighting       | 4 |  4.1
Armour         | 3 |  3.3

Action                     |  1- 3 |  4- 6 || total
---------------------------+-------+-------++-------
  Melee: Hand axe          |    48 |       ||    48
         Kick              |     9 |     7 ||    16
         Peck              |     4 |     1 ||     5
         Punch             |     1 |       ||     1
         War axe           |    21 |    34 ||    55
 Invoke: Berserk           |       |     3 ||     3
    Use: Scroll            |     5 |       ||     5
   Stab: Sleeping          |     1 |       ||     1
 Armour: Animal skin       |    28 |    24 ||    52
  Dodge: Dodged            |    73 |    31 ||   104
